 Dungeon Crawl Stone Soup version 0.26.1-11-gd32895ea62 (webtiles) character file.

Game seed: 5300066060397032061

1979 Kukuleta the Slasher (level 9, 0/70 (72) HPs)
             Began as a Human Fighter on July 1, 2021.
             Was a Follower of Cheibriados.
             Slain by a troll (6 damage)
             ... on level 8 of the Dungeon.
             The game lasted 00:23:54 (9966 turns).

Kukuleta the Slasher (Human Fighter)                Turns: 9966, Time: 00:23:54

HP:   0/70 (72)     AC: 12    Str: 22      XL:     9   Next: 43%
MP:   8/11          EV:  9    Int: 10 (11) God:    Cheibriados [*.....]
Gold: 301           SH:  0    Dex: 15 (17) Spells: 8/8 levels left

rFire    x . .     SeeInvis .   m - +4 great sword
rCold    + . .     Faith    .   (shield currently unavailable)
rNeg     . . .     Spirit   .   b - +1 scale mail
rPois    .         Reflect  .   (no helmet)
rElec    .         Harm     .   d - +2 cloak {rCorr}
rCorr    +         Rampage  .   (no gloves)
Will     +....                  (no boots)
Stlth    ..........             (no amulet)
HPRegen  0.21/turn              e - ring of ice
MPRegen  0.12/turn              q - ring of willpower

@: lightly drained, very slow
A: no striking features
a: Renounce Religion, Bend Time


You were on level 8 of the Dungeon.
You worshipped Cheibriados.
Cheibriados was aware of your devotion.
You visited 2 branches of the dungeon, and saw 9 of its levels.

You collected 427 gold pieces.
You spent 126 gold pieces at shops.

Inventory:

Hand Weapons
 a - a +1 long sword
 m - a +4 great sword (weapon)
Armour
 b - a +1 scale mail (worn)
 d - a +2 cloak of preservation (worn)
 r - a +1 leather armour of positive energy
Jewellery
 c - an uncursed ring of attention
 e - a ring of ice (left hand)
 q - a ring of willpower (right hand)
 u - an uncursed ring of resist corrosion
Scrolls
 f - a scroll of identify
 j - 2 scrolls of random uselessness {unknown}
 k - 3 scrolls of remove curse
 s - a scroll of amnesia
 x - a scroll of magic mapping {unknown}
Potions
 g - a potion of invisibility {unknown}
 h - 3 potions of magic
 i - 2 potions of brilliance
 l - a potion of haste
 n - a potion of curing
 o - a potion of lignification {unknown}
 t - a potion of flight {unknown}
 v - a potion of berserk rage {unknown}
 w - a potion of degeneration


   Skills:
 + Level 7.0 Fighting
 * Level 7.3 Long Blades
 + Level 6.9 Armour
 - Level 3.0 Shields
 + Level 2.6 Invocations


You had 8 spell levels left.
You didn't know any spells.
Your spell library contained the following spells:

 Spells                   Type           Power        Failure   Level
 Summon Small Mammal      Summ           0%           65%         1
 Call Imp                 Summ           0%           80%         2
 Call Canine Familiar     Summ           0%           95%         3
 Summon Guardian Golem    Hex/Summ       0%           95%         3
 Summon Ice Beast         Ice/Summ       0%           100%        4
 Summon Lightning Spire   Summ/Air       0%           100%        4


Dungeon Overview and Level Annotations

Branches:
Dungeon (8/15)             Temple (1/1) D:6
   Lair: D:8-11

Altars:
Ashenzari
Cheibriados
Dithmenos
Elyvilon
Fedhas
Gozag
Hepliaklqana
Kikubaaqudgha
Makhleb
Nemelex Xobeh
Okawaru
Qazlal
Ru
Sif Muna
Trog
Uskayaw
Vehumet
Wu Jian
Xom
Yredelemnul
Zin
The Shining One

Shops:
D:5 [

Annotations:
D:6 exclusion: statue


Message History

A bullfrog skeleton comes into view.
The troll bites you. The troll claws you!
* * * LOW HITPOINT WARNING * * *
The troll closely misses you.
You see here an arrow.
The flow of time bends around you.
The troll resists with some effort.
The wolf bites you.
* * * LOW HITPOINT WARNING * * *
The troll bites you but does no damage. The troll claws you.
* * * LOW HITPOINT WARNING * * *
The troll claws you but does no damage.
The centaur unwields a +0 shortbow.
The centaur hits you.
* * * LOW HITPOINT WARNING * * *
The wolf closely misses you. The centaur closely misses you.
You riposte.
You slash the centaur!
The centaur is severely wounded.
The troll bites you.
* * * LOW HITPOINT WARNING * * *
The troll closely misses you. The troll claws you.
You die...

#.# #.# #.#
#.#############
#.##..........#
≈
#.##.########.#
≈≈≈. #.##.# #.#
≈≈≈≈.Z####h##.#
#.#
≈≈≈≈.h..lhT@..#
#.#
......###.c####
#.#
≈≈;...###(##
#.#
≈..$...(...#
#.#
≈≈≈≈...###.#
#.# ≈≈≈.... .#
#.####. ≈≈....#
.# #.#....
.≈.... .# #.#.#
...... .# #.#.#


You could see a troll, a wyvern, a wolf, a centaur, 2 hounds and a bullfrog
skeleton.

Vanquished Creatures
  A human (D:2)
  A water moccasin (D:5)
  A sky beast (D:5)
  2 ogres (D:5)
  3 centaurs
  A big kobold (D:7)
  2 scorpions
  7 wights
  A bullfrog zombie (D:6)
  A centaur skeleton (D:4)
  2 orc priests
  A hound (D:6)
  A human zombie (D:2)
  2 iguanas (D:6)
  3 worker ants
  3 orc wizards
  A killer bee zombie (D:6)
  A hound skeleton (D:6)
  A hound zombie (D:5)
  A worker ant zombie (D:6)
  Robin (D:2)
  6 gnolls
  11 adders
  An ooze (D:2)
  4 worms
  5 dart slugs
  4 leopard geckos
  17 orcs
  3 giant cockroaches
  20 goblins
  10 hobgoblins
  4 jackals (D:2)
  9 kobolds
  2 ball pythons
  9 bats
  3 frilled lizards
  2 giant cockroach zombies
  A goblin skeleton (D:2)
  A jackal skeleton (D:6)
  A kobold zombie (D:2)
  A leopard gecko skeleton (D:6)
  2 quokka skeletons (D:4)
  A quokka zombie (D:6)
  5 rats
159 creatures vanquished.

Vanquished Creatures (others)
  A wizard (D:3)
  An adder (D:2)
  A dart slug (D:2)
  A hobgoblin (D:2)
4 creatures vanquished.

Grand Total: 163 creatures vanquished

Notes
Turn   | Place    | Note
-------+----------+-------------------------------------------
     0 | D:1      | Kukuleta the Human Fighter began the quest for the Orb.
     0 | D:1      | Reached XP level 1. HP: 18/18 MP: 1/1
   209 | D:1      | Reached XP level 2. HP: 18/24 MP: 2/2
   478 | D:1      | Reached XP level 3. HP: 24/29 MP: 3/3
  1431 | D:2      | Reached XP level 4. HP: 24/36 MP: 4/4
  1993 | D:2      | Noticed Robin
  2008 | D:2      | Killed Robin
  2009 | D:2      | Reached XP level 5. HP: 38/42 MP: 5/5
  2208 | D:2      | Found a runed translucent door.
  2208 | D:2      | Noticed a human
  2446 | D:2      | Found a basalt altar of Yredelemnul.
  2559 | D:2      | Found a sacrificial altar of Ru.
  2665 | D:2      | Killed a human
  2666 | D:2      | Reached XP level 6. HP: 39/49 MP: 6/6
  3052 | D:3      | Found a bloodstained altar of Trog.
  3053 | D:3      | Noticed a wizard
  3059 | D:3      | Killed a wizard
  3483 | D:2      | Reached XP level 7. HP: 34/55 MP: 7/7
  3642 | D:2      | Reached skill level 5 in Fighting
  4206 | D:3      | Reached skill level 5 in Armour
  4642 | D:4      | Found a white marble altar of Elyvilon.
  5198 | D:4      | Found a glowing silver altar of Zin.
  5558 | D:5      | Entered Level 5 of the Dungeon
  5674 | D:5      | Found an ornate altar of the Wu Jian Council.
  5761 | D:5      | HP: 1/56 [something (5)]
  5764 | D:5      | Reached skill level 5 in Long Blades
  5764 | D:5      | Reached XP level 8. HP: 2/64 MP: 8/8
  6073 | D:5      | Found Bolueniu's Armour Shop.
  6081 | D:5      | Bought a +0 cloak of preservation for 126 gold pieces
  6886 | D:5      | Found a blossoming altar of Fedhas.
  7096 | D:5      | Found an iron altar of Okawaru.
  8159 | D:6      | Found a staircase to the Ecumenical Temple.
  8185 | Temple   | Entered the Ecumenical Temple
  8292 | Temple   | Became a worshipper of Cheibriados the Contemplative
  8599 | D:6      | Reached skill level 1 in Invocations
  8599 | D:6      | Reached XP level 9. HP: 58/71 MP: 9/9
  8713 | D:6      | Found a radiant altar of Vehumet.
  9383 | D:7      | Reached * piety under Cheibriados
  9893 | D:7      | You fall into a shaft and drop 1 floor!
  9954 | D:8      | Noticed a troll
  9966 | D:8      | Slain by a troll

Illustrated notes

Levels and vault maps discovered:
D:1:      dpeg_arrival_simpleton_a, layout_loops_ring, minmay_pentomino_p4
D:2:      layout_loops_ring, old_standard_altar, dk_yredelemnul_ordeal,
          uniq_robin
D:3:      layout_basic, trog_wizard
D:4:      layout_loops_ring, zin_treasury, kennysheep_mini_moat
D:5:      layout_gridville, overflow_temple_1_default, fedhas_altar_fruit_tree,
          kennysheep_mini, serial_shops,
          nicolae_shop_temple_entry_statues_fountains
D:6:      layout_basic, vehumet_statue, minmay_temple_entry_large_hall
D:7:      layout_rooms
D:8:      layout_loops_ring, erik_lair_island, cheibriados_altar_1
Temple:   minmay_freezing_vapour_temple

Skill      XL: |  1  2  3  4  5  6  7  8  9 |
---------------+----------------------------+-----
Long Blades    | 3 4 5 6 7 |  7.3
Fighting       | 4 5 6 7 |  7.0
Armour         | 4 5 6 |  6.9
Invocations    | 1 2 |  2.6
Shields        | |  3.0

Action                   |  1- 3 |  4- 6 |  7- 9 || total
-------------------------+-------+-------+-------++-------
Melee: Long sword        |    64 |   187 |   281 ||   532
       Great sword       |       |       |    62 ||    62
Invok: Bend Time         |       |       |     1 ||     1
  Use: Scroll            |     2 |     6 |     7 ||    15
       Potion            |       |       |     7 ||     7
Armor: Scale mail        |    24 |   118 |   147 ||   289
Dodge: Dodged            |    28 |   112 |   160 ||   300
       Rpst.: Long sword |    10 |    30 |    46 ||    86
       Great sword       |       |       |     7 ||     7
